 Dungeon Crawl Stone Soup version 0.26-a0-466-g989023bd0d (webtiles) character file.

Game seed: 5585323290292625050

198 Ishchenko the Slasher (level 6, 0/43 HPs)
             Began as a Human Berserker on July 29, 2020.
             Was a Follower of Trog.
             Slain by a goblin
             ... wielding a +0 club
             ... led by Robin
              (1 damage)
             ... on level 3 of the Dungeon.
             The game lasted 00:09:46 (2619 turns).

Ishchenko the Slasher (Human Berserker)             Turns: 2619, Time: 00:09:46

Health: 0/43       AC:  8    Str: 19    XL:     6   Next: 5%
Magic:  6/6        EV: 10    Int:  8    God:    Trog [*.....]
Gold:   162        SH:  5    Dex: 12    Spells: 5/5 levels left

rFire    . . .     SeeInvis .   n - +0 long sword
rCold    . . .     Faith    .   (no shield)
rNeg     . . .     Spirit   .   p - +0 scale mail
rPois    .         Reflect  +   k - +0 helmet
rElec    .         Harm     .   (no cloak)
rCorr    .                      (no gloves)
MR       +....                  (no boots)
Stlth    ..........             q - amulet of reflection
HPRegen  0.14/turn              (no ring)
MPRegen  0.10/turn              (no ring)

@: mighty, brilliant, berserk cooldown, hasted and slowed, drained
A: claws 1, frail 1, magic resistance 1, shaggy fur 1
a: Berserk, Renounce Religion


You were on level 3 of the Dungeon.
You worshipped Trog.
Trog was aware of your devotion.
You visited 1 branch of the dungeon, and saw 3 of its levels.

You collected 162 gold pieces.

Inventory:

Hand Weapons
 a - a +0 falchion
 n - a +0 long sword (weapon)
Armour
 k - a +0 helmet (worn)
 p - a +0 scale mail (worn)
Jewellery
 d - an uncursed amulet of regeneration
 l - an uncursed amulet of faith
 m - an uncursed amulet of faith
 q - an amulet of reflection (around neck)
Wands
 r - a wand of polymorph (9)
Scrolls
 c - 6 scrolls of identify {unknown}
 g - 2 scrolls of remove curse {unknown}
 i - a scroll of magic mapping {unknown}
 j - a scroll of fear {unknown}
 o - 3 scrolls of teleportation {unknown}
Potions
 f - a potion of might


   Skills:
 + Level 4.1(3.2) Fighting
 + Level 4.8(3.9) Long Blades
 + Level 2.5(1.7) Armour
 + Level 2.8(2.0) Dodging
 + Level 0.1(0.0) Stealth


You had 5 spell levels left.
You didn't know any spells.
Your spell library was empty.

Dungeon Overview and Level Annotations

Branches:
Dungeon (3/15)

Altars:

Annotations:
D:3 Robin


Innate Abilities, Weirdness & Mutations

You have sharp fingernails.
You are frail. (-10% HP)
You are resistant to hostile enchantments. (MR+)
You are covered in fur. (AC +1)


Message History

You block the wight's attack. The goblin hits you but does no damage.
The goblin unwields a +0 dagger.
The goblin wields a +0 hunting sling.
The goblin shoots a stone.
You reflect the stone off an invisible shield around you!
The stone closely misses the goblin.
Things that are here:
a +0 dagger; a goblin corpse The wight closely misses you.
The wight hits you with a cursed -1 long sword.
* * * LOW HITPOINT WARNING * * *
It was a potion of haste.
You feel yourself speed up. Robin throws the goblin at you!
* * * LOW HITPOINT WARNING * * *
You block the wight's attack.
It was a potion of mutation.
You feel extremely strange. Fur sprouts all over your body.
You feel resistant to hostile enchantments.
You feel frail.
Your fingernails lengthen.
The goblin hits you with a +0 club.
You die...

###.# #.######.## ##..#####.#.
#)# #.##......###....## #.#. #.#
#.##.###......#...# #... #.#
#>.......####....## ###. #.#
####.##### ###.## #. ###.##
###.## #.# #. ...†.# #....# #.#
##. ##...# #.#..#### ##'## #..
#...# #.....@g# ##...## ##.
##.#.# #.#..##z# ##.....## ##
.....# #.#..##g###>......## #
...########.#...#)##go....<.)####
.............(....g'go.......'...
...########......(##go.......####
.### #.##.######.......## # ##
#.#### ##..)†.## #.# ##).(##


You could see a wight, Robin, a hobgoblin (strong) and a goblin (strong).

Vanquished Creatures
  2 wights (D:3)
  3 adders
  A worm (D:2)
  3 dart slugs
  2 leopard geckos (D:3)
  3 orcs (D:3)
  3 giant cockroaches
  13 goblins
  10 hobgoblins
  6 jackals
  7 kobolds
  A quokka (D:2)
  7 bats
  5 frilled lizards (D:1)
  5 rats
71 creatures vanquished.

Vanquished Creatures (others)
  5 toadstools (D:1)
5 creatures vanquished.

Grand Total: 76 creatures vanquished

Notes
Turn   | Place    | Note
-------+----------+-------------------------------------------
     0 | D:1      | Ishchenko the Human Berserker began the quest for the Orb.
     0 | D:1      | Reached XP level 1. HP: 18/18 MP: 1/1
    50 | D:1      | Reached XP level 2. HP: 12/24 MP: 2/2
   543 | D:1      | Reached XP level 3. HP: 29/29 MP: 3/3
  1422 | D:2      | Reached XP level 4. HP: 37/37 MP: 4/4
  2206 | D:3      | Reached ** piety under Trog
  2419 | D:3      | Reached XP level 5. HP: 41/42 MP: 5/5
  2579 | D:3      | Noticed Robin
  2595 | D:3      | Reached XP level 6. HP: 41/48 MP: 6/6
  2617 | D:3      | HP: 2/48 [wight/cursed -1 long sword (4)]
  2619 | D:3      | Gained mutation: You are covered in fur. (AC +1) [potion of
                  | mutation]
  2619 | D:3      | Gained mutation: You are resistant to hostile enchantments.
                  | (MR+) [potion of mutation]
  2619 | D:3      | Gained mutation: You are frail. (-10% HP) [potion of
                  | mutation]
  2619 | D:3      | Gained mutation: You have sharp fingernails. [potion of
                  | mutation]
  2619 | D:3      | Slain by a goblin

Illustrated notes

Levels and vault maps discovered:
D:1:      ldierk_walled_garden, layout_basic
D:2:      layout_basic
D:3:      layout_loops_corners, uniq_robin

Skill      XL: |  1  2  3  4  5 |
---------------+----------------+-----
Fighting       | 4 |  4.1
Long Blades    | 4 |  4.8
Armour         | |  2.5
Dodging        | |  2.8
Stealth        | |  0.1

Action                   |  1- 3 |  4- 6 || total
-------------------------+-------+-------++-------
Melee: Falchion          |    85 |    34 ||   119
       Long sword        |       |    76 ||    76
Invok: Berserk           |       |     1 ||     1
  Use: Potion            |       |     5 ||     5
Armor: Animal skin       |    15 |       ||    15
       Ring mail         |     6 |    18 ||    24
       Scale mail        |       |    48 ||    48
Dodge: Dodged            |    79 |    62 ||   141
Block: Other             |       |    17 ||    17
       Reflection        |       |     2 ||     2
       Rpst.: Falchion   |    29 |     5 ||    34
       Long sword        |       |    14 ||    14

Table legend: (Time is in decaauts)
 A = Elapsed time spent in this place.
 B = Non-inter-level travel time spent in this place.
 C = Inter-level travel time spent in this place.
 D = Time resting spent in this place.
 E = Time spent auto-exploring this place.
 F = Levels seen in this place.
 G = Mean time per level.
                   A        B        C        D        E       F      G
               +--------+--------+--------+--------+--------+-----+--------+
         Total |   2652 |   2607 |     45 |    232 |   1871 |   3 |  884.0 |
       Dungeon |   2652 |   2607 |     45 |    232 |   1871 |   3 |  884.0 |
               +--------+--------+--------+--------+--------+-----+--------+

Top non-repeatable levels by time:
     D:1: 1124 daAuts
     D:2: 777 daAuts
     D:3: 750 daAuts
